 Dungeon Crawl Stone Soup: Circus Animals version v1.5.1.0-162-g770d813 (webtiles) character file.

203 Bloax the Insei (level 6, 146/146 HPs) *STANDARD*
             Began as a Moon Troll Transmuter on May 12, 2016.
             Quit the game in the Ecumenical Temple.
             The game lasted 00:08:19 (1101 turns).

Bloax the Insei (Moon Troll Transmuter)             Turns: 1101, Time: 00:08:20

Health: 146/146    AC:  5    Str: 14    XL:     6   Next: 32%
Magic:  106/106    EV: 10    Int: 11    God:
Gold:   138        SH:  0    Dex: 16    Spells: 1 memorised, 9 levels left

rFire  . . .     SeeInvis .       - Unarmed
rCold  . . .     Gourm    +     b - +0 robe
rNeg   . . .     Faith    .     (no shield)
rPois  .         Spirit   .     (helmet restricted)
rElec  .         Dismiss  .     c - +0 cloak
rCorr  .         Reflect  .     (gloves unavailable)
SustAt .         Harm     +     (boots unavailable)
MR     .....                    d - amulet of harm
Stlth  +.........               (no ring)
                                (no ring)

@: slow, not resistant to hostile enchantments, very unstealthy
A: unfitting armour, claws 2, gourmand, regeneration 2, tough skin 2, magic
regeneration 2
a: no special abilities


You were in the Ecumenical Temple.
You were not hungry.

You visited 2 branches of the dungeon, and saw 8 of its levels.

You collected 138 gold pieces.


Innate Abilities, Weirdness & Mutations

You are too large for most types of armour.
You have very sharp fingernails.
You like to eat raw meat.
You heal very quickly.
You have very tough skin (AC +2).
You regenerate magic very rapidly.


   Skills:
 - Level 1.0 Fighting
 - Level 2.0 Dodging
 + Level 6.0 Unarmed Combat
 - Level 1.0 Spellcasting
 - Level 1.7 Transmutations


You had 9 spell levels left.
You knew the following spells:

 Your Spells              Type           Power        Failure   Level  Hunger
a - Beastly Appendage     Trmt           #.........   50%         1    #......


Dungeon Overview and Level Annotations

Branches:
Dungeon (7/15)             Temple (1/1) D:5
   Lair: D:7-11         Orc: D:6-10

Altars:
Ashenzari
Dithmenos
Elyvilon
Fedhas
Gozag
Kikubaaqudgha
Makhleb
Pakellas
Ru
Sif Muna
Trog
Yredelemnul
Zin
The Shining One

Inventory:

Missiles
 a - 42 arrows
Armour
 b - a +0 robe (worn)
 c - a +0 cloak (worn)
   (You took it off Crazy Yiuf on level 2 of the Dungeon)
Jewellery
 d - an amulet of harm (around neck)
   (You found it on level 6 of the Dungeon)
Scrolls
 c - 2 scrolls of enchant armour {unknown}
 d - a scroll of magic mapping {unknown}
 e - a scroll of immolation {unknown}
 f - 3 scrolls of fear {unknown}
 g - a scroll of remove curse {unknown}
 i - a scroll of noise {unknown}
 j - a scroll of teleportation {unknown}
 m - a scroll of fog {unknown}
Potions
 b - a potion of heal wounds
 h - a potion of berserk rage {unknown}
 k - a potion of curing
 l - a potion of haste {unknown}
 n - a potion of degeneration {unknown}
Books
 a - a book of Changes

   Spells                             Type                      Level
   a - Beastly Appendage              Transmutation                1
   b - Sticks to Snakes               Transmutation                2
   c - Spider Form                    Transmutation/Poison         3
   d - Ice Form                       Ice/Transmutation            4
   e - Blade Hands                    Transmutation                5

## ##.## ##...## ##.....##
##..._...## ##.........##
##....@......## ##......~......##
##......~~~......##
##......~~~~~......##
########......~~~.~~~......######
.............~~~...~~~...........
......_.....~~~.....~~~....._....
...........~~~...................
~~~~~~~...~~~......~~~~~~~~~~~~~~


There were no monsters in sight!


Message History

You claw the ogre (14)!
You kill the ogre!
Unknown command.
No target in view!
Unknown command.
No target in view!
No target in view!
Things that are here:
a giant spiked club; an ogre corpse
There is an escape hatch in the ceiling here.
A mysterious force pulls you upwards. The hatch slams shut behind you.
Unknown command.
Unknown command.
Unknown command.
An orc comes into view. (7hp) It is wielding a mace.
The orc shouts!
Found a flail.
Found a staircase to the Ecumenical Temple.
A scorpion comes into view. (17hp)
The orc barely misses you.
The scorpion stings you but does no damage.
You scratch the scorpion but do no damage.
The orc barely misses you.
The scorpion stings you but does no damage.
You scratch the scorpion but do no damage.
The scorpion closely misses you. The orc hits you (4) with a mace.
You scratch the scorpion (3). The scorpion closely misses you.
You claw the scorpion (11)! The orc closely misses you.
The scorpion barely misses you.
You claw the scorpion (15)!
You kill the scorpion!
Your Unarmed Combat skill increases to level 6!
The orc hits you but does no damage.
You closely miss the orc. The orc barely misses you.
Unknown command.
The orc hits you but does no damage.
You scratch the orc (1).
Unknown command.
You scratch the orc (2). The orc hits you (1) with a mace.
Unknown command.
You barely miss the orc. The orc hits you but does no damage.
You barely miss the orc. The orc closely misses you.
You scratch the orc (6).
You kill the orc!
No target in view!
No target in view!
No target in view!
There is a staircase to the Ecumenical Temple here.
You climb downwards.
Welcome to the Ecumenical Temple!
There is a staircase back to the Dungeon here.
Unknown command.
Found a burning altar of Makhleb.
Found a sacrificial altar of Ru.
Why would you want to do that? Why would you want to do that?
Found a white marble altar of Elyvilon.
Found a basalt altar of Yredelemnul.
Found a glowing silver altar of Zin.
Found an oddly glowing altar of Pakellas.
Found a bloodstained altar of Trog.
Found an ancient bone altar of Kikubaaqudgha.
There is an ancient bone altar of Kikubaaqudgha here.
Found a shadowy altar of Dithmenos.
There is a shadowy altar of Dithmenos here.
Found a shattered altar of Ashenzari.
Found a deep blue altar of Sif Muna.
Found a glowing golden altar of the Shining One.
There is a burning altar of Makhleb here.
Why would you want to do that?
Are you sure you want to abandon this character and quit the game? (Confirm with "yes".)

Action                   |  1- 3 |  4- 6 || total
-------------------------+-------+-------++-------
Melee: Unarmed           |    89 |    90 ||   179
       Punch             |       |     3 ||     3
 Stab: Invisible         |     1 |       ||     1
       Sleeping          |       |     1 ||     1
Armor: Robe              |    27 |    24 ||    51
Dodge: Dodged            |    51 |    51 ||   102

Vault maps used:
D:1:      minmay_arrival_floating_metal, kennysheep_small_spiral,
          serial_park_tiny_1
D:2:      guppyfry_early_orc_mine, uniq_crazy_yiuf_cottage
D:3:      vehumet_crystals, ecumenical_altar_touched_by_chaotic_gods
D:4:      led_xom_imps, cheibriados_altar_1, kennysheep_generic_room_3
D:5:      overflow_temple_1_default, nemelex_deck, first_bread
D:6:      overflow_temple_1_default, kennysheep_little_box
D:7:      old_standard_altar, basic_altar
Temple:   hc_temple_tempest_star

Notes
Turn   | Place    | Note
--------------------------------------------------------------
     0 | D:1      | Bloax the Moon Troll Transmuter began the quest for the Orb.
     0 | D:1      | Reached XP level 1. HP: 146/146 MP: 106/106
   144 | D:2      | Reached XP level 2. HP: 112/146 MP: 106/106
   221 | D:2      | Noticed Crazy Yiuf
   241 | D:2      | Killed Crazy Yiuf
   241 | D:2      | Reached skill level 4 in Unarmed Combat
   241 | D:2      | Reached XP level 3. HP: 80/146 MP: 106/106
   372 | D:3      | Gained mutation: You regenerate magic very rapidly. [Moon Troll growth]
   372 | D:3      | Reached XP level 4. HP: 143/146 MP: 106/106
   429 | D:5      | Entered Level 5 of the Dungeon
   599 | D:6      | Reached XP level 5. HP: 134/146 MP: 106/106
   628 | D:6      | Found a blossoming altar of Fedhas.
   657 | D:6      | Noticed Bloax's ghost (amateur MiMo)
   674 | D:6      | Killed Bloax's ghost
   674 | D:6      | Reached skill level 5 in Unarmed Combat
   735 | D:7      | Found a glowing silver altar of Zin.
   836 | D:7      | Found an opulent altar of Gozag.
   895 | D:7      | Reached XP level 6. HP: 137/146 MP: 106/106
   954 | D:5      | Found a staircase to the Ecumenical Temple.
   965 | D:5      | Reached skill level 6 in Unarmed Combat
   980 | Temple   | Entered the Ecumenical Temple
  1101 | Temple   | Quit the game

Vanquished Creatures
  The ghost of Bloax the Ruffian, an amateur MiMo (D:6)
  An ogre (D:6)
  A scorpion (D:5)
  An orc wizard (D:6)
  An orc priest (D:6)
  Crazy Yiuf (D:2)
  4 worker ants
  A hound zombie (D:6)
  3 adders
  7 orcs
  2 bats
  3 goblins (D:2)
  4 hobgoblins
  4 jackals (D:1)
  A quokka (D:7)
  A quokka skeleton (D:6)
  A rat (D:2)
  A fungus (D:2)
38 creatures vanquished.

Vault maps used:
D:1:      minmay_arrival_floating_metal, kennysheep_small_spiral,
          serial_park_tiny_1
D:2:      guppyfry_early_orc_mine, uniq_crazy_yiuf_cottage
D:3:      vehumet_crystals, ecumenical_altar_touched_by_chaotic_gods
D:4:      led_xom_imps, cheibriados_altar_1, kennysheep_generic_room_3
D:5:      overflow_temple_1_default, nemelex_deck, first_bread
D:6:      overflow_temple_1_default, kennysheep_little_box
D:7:      old_standard_altar, basic_altar
Temple:   hc_temple_tempest_star
